 Dungeon Sprint DCSS version 0.24-a0-574-g7d3d5a4 (webtiles) character file.

Game seed: 14076437664137789486

36444 Faca the Warrior (level 14, -9/136 HPs)
             Began as a Formicid Fighter on Aug 20, 2019.
             Was the Champion of the Shining One.
             Mangled by a frost giant
             ... wielding a +1 battleaxe of freezing
              (12 damage)
             ... in the Dungeon (Sprint IX: "|||||||||||||||||||||||||||||").
             The game lasted 00:14:54 (4710 turns).

Faca the Warrior (Formicid Fighter)                 Turns: 4710, Time: 00:14:54

Health: -9/136     AC: 20    Str: 30    XL:     14   Next: 23%
Magic:  22/22      EV:  9    Int:  7    God:    the Shining One [******]
Gold:   1529       SH: 16    Dex: 13    Spells: 13/13 levels left

rFire    . . .     SeeInvis +   p - +2 halberd (venom)
rCold    . . .     Gourm    .   c - +0 shield
rNeg     + + +     Faith    .   E - +0 storm dragon scales
rPois    +         Spirit   .   (helmet unavailable)
rElec    +         Reflect  .   (no cloak)
rCorr    .         Harm     .   F - +0 pair of gloves {Dex+3}
MR       +....                  q - +0 pair of boots
Stlth    ..........             u - amulet of regeneration
HPRegen  0.72/turn              t - +3 ring of strength
MPRegen  0.18/turn              D - ring of poison resistance

@: glowing
A: permanent stasis, dig shafts and tunnels, four strong arms, antennae 3
a: Dig, Divine Shield, Cleansing Flame, Summon Divine Warrior, Brand Weapon With
Holy Wrath, Renounce Religion


You were in the Dungeon.
You worshipped the Shining One.
The Shining One was exalted by your worship.
You were hungry.

You visited 1 branch You collected 1917 gold pieces.
You spent 388 gold pieces at shops.

Inventory:

Hand Weapons
 p - a +2 halberd of venom (weapon)
 B - a +4 quarterstaff of protection
Missiles
 r - 15 javelins (quivered)
 A - 11 silver javelins
Armour
 c - a +0 shield (worn)
 q - a +0 pair of boots (worn)
 E - +0 storm dragon scales (worn)
 F - a +0 pair of gloves of dexterity (worn)
Jewellery
 s - a +3 ring of dexterity
 t - a +3 ring of strength (left hand)
 u - an amulet of regeneration (around neck)
 v - an uncursed ring of resist corrosion
 C - an uncursed ring of protection from magic
 D - a ring of poison resistance (right hand)
Wands
 n - a wand of acid (10)
Scrolls
 d - 2 scrolls of enchant armour
 g - 3 scrolls of enchant weapon
 k - 4 scrolls of blinking
 l - 5 scrolls of remove curse
 m - 3 scrolls of amnesia
 w - 4 scrolls of fog
 x - a scroll of fear
 y - 3 scrolls of identify
Potions
 a - a potion of resistance
 e - 3 potions of curing
 h - a potion of haste
 i - 4 potions of magic
 j - 2 potions of berserk rage
 o - 3 potions of brilliance
 z - a potion of degeneration {unknown}
Comestibles
 f - 11 rations


   Skills:
 - Level 20.4 Fighting
 + Level 20.4 Polearms
 + Level 15.8 Armour
 + Level 17.0 Shields
 + Level 11.3 Invocations


You had 13 spell levels left.
You didn't know any spells.
Your spell library was empty.

Dungeon Overview and Level Annotations

Branches:
Dungeon (1/1)

Altars:
Cheibriados
Dithmenos
Elyvilon
Fedhas
Gozag
Hepliaklqana
Kikubaaqudgha
Makhleb
Nemelex Xobeh
Okawaru
Qazlal
Ru
Sif Muna
Trog
Uskayaw
Vehumet
Wu Jian
Xom
Yredelemnul
Zin
The Shining One
Beogh
Jiyva
Lugonu

Shops:
D (?}*


Innate Abilities, Weirdness & Mutations

You cannot be hasted, slowed, berserked, paralysed or teleported.
You can dig through walls and to a lower floor.
Your four strong arms can wield two-handed weapons with a shield.
You have a pair of large antennae on your head. (SInv)


Message History

* * * LOW HITPOINT WARNING * * *
The spark wasp shocks you. You resist.
* * * LOW HITPOINT WARNING * * *
You slash the spark wasp!
The spark wasp looks as sick as possible!
The spark wasp is almost dead.
The spark wasp bursts into living lightning!
The living lightning hits you. You resist.
* * * LOW HITPOINT WARNING * * *
The spark wasp blinks!
You feel better.
You kill the spark wasp!
Your Shields skill increases to level 17!
The boggart mumbles some strange words.
You hit the frost giant.
The frost giant is lightly wounded.
The frost giant hits you with a +1 battleaxe of freezing!!
* * * LOW HITPOINT WARNING * * *
The frost giant freezes you!
You die...

,*,*+*,*,*,*,*{▓.▓.▓.▓.▓.▓.▓.▓.▓.
,*,*,*,*,*,*,*{▓(▓.▓.▓.▓.▓.▓.▓)▓.
,*,*,*,*,*,*+*{▓†▓.▓.▓.▓.▓.▓[▓.▓.
,*,*,*,*,*,*,*,▓.▓.▓†▓.▓=▓.▓'▓.▓(
,*,*,*,*,*,*,*{▓.▓.▓†▓.▓.▓.▓)▓.▓.
,*,*,*,*,*,*,*,▓.▓.▓†▓.▓)▓.▓)▓)▓(
,*,*,*,*,*,*,*,▓)▓.▓.▓.▓)▓)▓.▓.▓.
,*,*,*,*,*,*,*,▓(▓.▓.▓.▓)▓.▓)▓.▓.
,*,*,*,*,*,*,*,▓@▓.▓†▓.▓)▓.▓)▓.▓.
,*,*,*,*,*{*,*,▓C▓.▓.▓.▓)▓.▓)▓.▓.
,*,*,*,*,*,*,*,▓D▓.▓.▓.▓)▓(▓.▓.▓.
,*,*,*,*+*,*,*,▓g▓.▓.▓.▓)▓(▓(▓.▓'
,*,*,*,*,*,*,*,▓.▓.▓.▓.▓)▓(▓(▓.▓÷
,*,*,*,*,*,*,*,▓g▓.▓.▓.▓.▓(▓.▓.▓.
,*,*,*,*,*,*,*{▓r▓.▓.▓.▓[▓.▓(▓.▓.
,*,*,*,*,*,*,*{▓.▓.♣†♣.▓[▓.▓.▓.▓.
,*,*,*,*,*,*,*{*{▓.♣†♣.▓.▓.▓.▓.▓.


You could see a shadow dragon, a frost giant, a boggart (invisible), a goblin
and a rat.

Vanquished Creatures
  A sphinx (D)
  A nagaraja (D)
  2 very ugly things (D)
  2 spark wasps (D)
  An ettin (D)
  2 merfolk javelineers (D)
  A yaktaur captain (D)
  A hydra (D)
  2 ice dragons (D)
  An ogre mage (D)
  A naga warrior (D)
  A two-headed ogre (D)
  3 centaur warriors (D)
  A tengu warrior (D)
  A deep troll earth mage (D)
  An alligator (D)
  5 orc high priests (D)
  A glowing orange brain (D)
  A naga ritualist (D)
  A lindwurm (D)
  3 orc knights (D)
  5 orc sorcerers (D)
  An orb spider (shapeshifter) (D)
  An orb spider (D)
  A wolf spider (D)
  Joseph (D)
  A merfolk siren (D)
  5 black mambas (D)
  A naga mage (D)
  3 spiny frogs (D)
  A yaktaur (D)
  A demonic crawler (D)
  A komodo dragon (D)
  A polar bear (D)
  A merfolk (shapeshifter) (D)
  A merfolk (D)
  3 jumping spiders (D)
  4 tyrant leeches (D)
  A slime creature (D)
  2 hippogriffs (D)
  2 snapping turtles (D)
  2 redbacks (D)
  2 water elementals (D)
  A vampire mosquito (D)
  A naga (D)
  2 water moccasins (D)
  6 orc warriors (D)
  4 porcupines (D)
  2 swamp drakes (D)
  3 ice beasts (D)
  2 wolves (D)
  2 crocodiles (D)
  4 bullfrogs (D)
  A wight (D)
  A jelly (D)
  5 orc priests (D)
  7 orc wizards (D)
  A worker ant (D)
  A shadow imp (D)
  An adder zombie (D)
  An adder skeleton (D)
  5 worms (D)
  9 orcs (D)
  A bat skeleton (D)
  2 bat zombies (D)
  2 giant cockroaches (D)
  A jackal (D)
  A bat (D)
  A quokka skeleton (D)
  3 rats (D)
144 creatures vanquished.

Vanquished Creatures (others)
  A vampire mosquito (D)
1 creature vanquished.

Grand Total: 145 creatures vanquished

Notes
Turn   | Place    | Note
-------+----------+-------------------------------------------
     0 | D        | Faca the Formicid Fighter began the quest for the Orb.
     0 | D        | Reached XP level 1. HP: 18/18 MP: 1/1
    72 | D        | Reached XP level 2. HP: 22/26 MP: 2/2
    88 | D        | Reached skill level 5 in Fighting
    88 | D        | Reached XP level 3. HP: 6/33 MP: 3/3
   359 | D        | Found a roughly hewn altar of Beogh.
   359 | D        | Found a snail-covered altar of Cheibriados.
   359 | D        | Found a shadowy altar of Dithmenos.
   359 | D        | Found a white marble altar of Elyvilon.
   359 | D        | Found a blossoming altar of Fedhas.
   359 | D        | Found an opulent altar of Gozag.
   360 | D        | Found a hazy altar of Hepliaklqana.
   361 | D        | Found a viscous altar of Jiyva.
   362 | D        | Found an ancient bone altar of Kikubaaqudgha.
   363 | D        | Found a corrupted altar of Lugonu.
   364 | D        | Found a burning altar of Makhleb.
   365 | D        | Found a sparkling altar of Nemelex Xobeh.
   366 | D        | Found an iron altar of Okawaru.
   367 | D        | Found a stormy altar of Qazlal.
   368 | D        | Found a sacrificial altar of Ru.
   369 | D        | Found a shimmering blue altar of Sif Muna.
   370 | D        | Found a bloodstained altar of Trog.
   371 | D        | Found a hide-covered altar of Uskayaw.
   372 | D        | Found a radiant altar of Vehumet.
   373 | D        | Found an ornate altar of the Wu Jian Council.
   374 | D        | Found a shimmering altar of Xom.
   375 | D        | Found a basalt altar of Yredelemnul.
   376 | D        | Found a glowing silver altar of Zin.
   377 | D        | Found a glowing golden altar of the Shining One.
   385 | D        | Became a worshipper of the Shining One
   442 | D        | Noticed a hippogriff
   442 | D        | Noticed a bullfrog
   442 | D        | Reached * piety under the Shining One
   442 | D        | Noticed an ice beast
   443 | D        | Reached ** piety under the Shining One
   451 | D        | Killed a hippogriff
   451 | D        | Reached XP level 4. HP: 46/46 MP: 4/4
   451 | D        | Reached XP level 5. HP: 52/52 MP: 5/5
   451 | D        | Reached XP level 6. HP: 59/59 MP: 6/6
   452 | D        | Reached skill level 10 in Fighting
   462 | D        | Killed an ice beast
   462 | D        | Reached skill level 10 in Polearms
   462 | D        | Reached XP level 7. HP: 45/68 MP: 7/7
   597 | D        | Noticed a two-headed ogre
   597 | D        | Noticed a hippogriff
   597 | D        | Reached *** piety under the Shining One
   597 | D        | Noticed a slime creature
   602 | D        | Killed a two-headed ogre
   602 | D        | Reached XP level 8. HP: 63/79 MP: 8/8
   609 | D        | Killed a hippogriff
   615 | D        | Killed a slime creature
   615 | D        | Reached XP level 9. HP: 47/88 MP: 9/9
   890 | D        | Noticed a four-headed hydra
   890 | D        | Reached **** piety under the Shining One
   890 | D        | Noticed a spiny frog
   902 | D        | Killed a two-headed hydra
   902 | D        | Reached skill level 15 in Fighting
  1145 | D        | Killed a spiny frog
  1145 | D        | Reached XP level 10. HP: 64/98 MP: 10/10
  1146 | D        | Reached skill level 15 in Polearms
  1496 | D        | Reached ***** piety under the Shining One
  1496 | D        | Noticed a komodo dragon
  1503 | D        | Noticed a black mamba
  1510 | D        | Killed a komodo dragon
  1518 | D        | Killed a black mamba
  1783 | D        | Noticed a lindwurm
  1790 | D        | Reached ****** piety under the Shining One
  1807 | D        | Killed a lindwurm
  1807 | D        | Reached skill level 5 in Shields
  2225 | D        | Reached skill level 5 in Armour
  2242 | D        | Reached XP level 11. HP: 108/108 MP: 11/11
  2281 | D        | Noticed an orc sorcerer
  2281 | D        | Noticed an orc knight
  2283 | D        | Noticed an orc sorcerer
  2287 | D        | Killed an orc sorcerer
  2288 | D        | Noticed an orc knight
  2296 | D        | Noticed an orc knight
  2298 | D        | Killed an orc knight
  2304 | D        | Killed an orc sorcerer
  2341 | D        | HP: 3/109 [orc knight/+0 halberd (3)]
  2345 | D        | Killed an orc knight
  2352 | D        | Killed an orc knight
  2792 | D        | Found Yxuoggok's Weapon Emporium.
  2792 | D        | Noticed an orc high priest
  2792 | D        | Noticed an orc high priest
  2792 | D        | Noticed an orc high priest
  2792 | D        | Noticed an orc sorcerer
  2797 | D        | Noticed an orc sorcerer
  2808 | D        | Killed an orc high priest
  2812 | D        | Killed an orc high priest
  2813 | D        | Found Honirchi's Magic Scroll Shoppe.
  2813 | D        | Noticed a sixfirhy
  2824 | D        | Noticed a soul eater
  2824 | D        | Killed an orc high priest
  2824 | D        | Reached skill level 10 in Shields
  2829 | D        | Killed an orc sorcerer
  2834 | D        | Killed an orc sorcerer
  3152 | D        | Found Vozuskiu's Gadget Emporium.
  3156 | D        | Found Yjud's Assorted Antiques.
  3159 | D        | Noticed an orc high priest
  3160 | D        | Noticed an orc sorcerer
  3161 | D        | Bought a scroll of enchant armour for 75 gold pieces
  3162 | D        | Noticed an orc high priest
  3175 | D        | Killed an orc high priest
  3175 | D        | Reached XP level 12. HP: 43/119 MP: 12/12
  3186 | D        | Reached skill level 10 in Armour
  3189 | D        | Killed an orc high priest
  3202 | D        | Bought a scroll labeled BOLAGHE FUOKK for 22 gold pieces
  3202 | D        | Bought a scroll of enchant armour for 165 gold pieces
  3202 | D        | Bought a scroll labeled RUIQ VOTADOORR for 22 gold pieces
  3202 | D        | Bought a scroll labeled RUIQ VOTADOORR for 22 gold pieces
  3202 | D        | Bought a scroll labeled TOAXKA EGUXIAPH for 22 gold pieces
  3216 | D        | Bought a scroll of identify for 20 gold pieces
  3216 | D        | Bought a scroll of identify for 20 gold pieces
  3216 | D        | Bought a scroll of identify for 20 gold pieces
  3444 | D        | Noticed Joseph
  3456 | D        | Killed Joseph
  3596 | D        | Noticed a centaur warrior
  3599 | D        | Noticed a centaur warrior
  3602 | D        | Noticed an ice dragon
  3604 | D        | Killed a centaur warrior
  3621 | D        | Killed a centaur warrior
  3623 | D        | Noticed a sphinx
  3625 | D        | Killed an ice dragon
  3631 | D        | Noticed an ogre mage
  3633 | D        | Noticed a deep troll earth mage
  3639 | D        | Killed a sphinx
  3642 | D        | Killed an ogre mage
  3647 | D        | Killed a deep troll earth mage
  3649 | D        | Noticed a centaur warrior
  3659 | D        | Noticed a purple very ugly thing
  3664 | D        | Killed a centaur warrior
  3664 | D        | Reached XP level 13. HP: 80/127 MP: 13/13
  3672 | D        | Killed a purple very ugly thing
  3842 | D        | Noticed a spark wasp
  3846 | D        | Reached skill level 1 in Invocations
  3860 | D        | Killed a spark wasp
  3999 | D        | Reached skill level 5 in Invocations
  4032 | D        | Noticed a merfolk javelineer
  4032 | D        | Noticed a merfolk javelineer
  4040 | D        | Killed a merfolk javelineer
  4138 | D        | Reached skill level 15 in Shields
  4150 | D        | Killed a merfolk javelineer
  4259 | D        | Noticed a naga warrior
  4268 | D        | Killed a naga warrior
  4269 | D        | Noticed a nagaraja
  4293 | D        | Killed a nagaraja
  4501 | D        | Noticed a white very ugly thing
  4501 | D        | Noticed an ice dragon
  4501 | D        | Noticed a yaktaur captain
  4501 | D        | Noticed an ettin
  4507 | D        | Killed a white very ugly thing
  4507 | D        | Reached skill level 15 in Armour
  4507 | D        | Reached skill level 10 in Invocations
  4507 | D        | Reached XP level 14. HP: 52/136 MP: 21/21
  4515 | D        | Noticed a spark wasp
  4521 | D        | Noticed a frost giant
  4524 | D        | Noticed a shadow dragon
  4709 | D        | Killed a spark wasp
  4710 | D        | HP: 3/136 [frost giant/+1 battleaxe of freezing (23)]
  4710 | D        | Mangled by a frost giant

Levels and vault maps discovered:
D:        linesprint [early_d, line_temple, items_1, d_10, items_2, lair_1,
          lair_end, items_3, orc_1, orc_end, items_4, d_15, swamp_1, shoals_1,
          snake_1, spider_1, d_20, vaults_1, items_5, swamp_end, shoals_end,
          snake_end, spider_end, vaults_end, d_27, items_6, zot_1, zot_end,
          crypt_end, forest_end, elf_end, slime_end, tomb_end, abyss_end,
          pan_hell_end]

Skill      XL: |  1  2  3  4  5  6  7  8  9 10 11 12 13 14 |
---------------+-------------------------------------------+-----
Fighting       | 4 5 9 11 13 14 16 17 19 20 | 20.4
Polearms       | 3 4 8 10 12 13 14 16 17 18 20 | 20.4
Shields        | 5 10 13 16 17 | 17.0
Armour         | 5 9 12 15 | 15.8
Invocations    | 10 11 | 11.3

Action                   |  1- 3 |  4- 6 |  7- 9 | 10-12 | 13-15 || total
-------------------------+-------+-------+-------+-------+-------++-------
Melee: Trident           |    39 |       |       |       |       ||    39
       Halberd           |     8 |    11 |    37 |   273 |   198 ||   527
       Scimitar          |       |       |     4 |       |       ||     4
  Use: Potion            |     1 |       |       |     7 |     4 ||    12
       Scroll            |       |       |       |     3 |       ||     3
  Eat: Chunk             |       |       |       |     9 |     3 ||    12
Armor: Scale mail        |     9 |       |       |       |       ||     9
       Plate armour      |    10 |     3 |    20 |    16 |       ||    49
       Storm dragon scal |       |       |       |    17 |    43 ||    60
Dodge: Dodged            |    16 |     2 |     7 |    31 |    29 ||    85
Block: Shield            |    23 |     2 |    18 |    76 |    72 ||   191

Table legend:
 A = Non-vault XP
 B = Vault XP
 C = Vault XP percentage of total XP
 D = Non-vault monster count
 E = Vault monster count
 F = Vault count percentage of total count
                 A         B        C        D         E       F
            +---------+---------+-------+---------+---------+-------
      Total |       0 |   52064 | 100.0 |       0 |     144 | 100.0
            +---------+---------+-------+---------+---------+-------
          D |       0 |   52064 | 100.0 |       0 |     144 | 100.0
            +---------+---------+-------+---------+---------+-------
